 Dungeon Crawl Stone Soup version 0.27.1-4-g1640c2035a (webtiles) character file.

Game seed: 2477997387196190033

3374 unlimited1921 the Ducker (level 9, -4/88 HPs)
             Began as a Troll Hedge Wizard on Nov 14, 2021.
             Was an Initiate of Gozag.
             Killed from afar by a gargoyle (25 damage)
             ... with a stone arrow
             ... on level 8 of the Dungeon.
             The game lasted 01:03:03 (7555 turns).

unlimited1921 the Ducker (Troll Hedge Wizard)       Turns: 7555, Time: 01:03:04

Health: -4/88      AC:  9    Str: 22    XL:     9   Next: 74%
Magic:  11/11      EV:  8    Int: 10    God:    Gozag
Gold:   429        SH: 15    Dex: 10    Spells: 11/12 levels left

rFire    . . .     SeeInvis .   q - +5 demon trident (elec)
rCold    . . .     Faith    .   h - +0 tower shield {rPois}
rNeg     . . .     Spirit   .   L - +2 robe {Will+}
rPois    +         Reflect  .   c - +0 hat
rElec    .         Harm     .   F - +2 cloak
rCorr    .         Rampage  .   (gloves unavailable)
Will     +....                  (boots unavailable)
Stlth    +.........             (no amulet)
HPRegen  1.24/turn              e - ring of poison resistance
MPRegen  0.12/turn              (no ring)

@: no status effects
A: large, unfitting armour, claws 3, regeneration 1, shaggy fur 1, tough skin 1
a: Renounce Religion, Potion Petition, Call Merchant, Bribe Branch


You were on level 8 of the Dungeon.
You worshipped Gozag.
Gozag was aware of your devotion.
You visited 1 branch of the dungeon, and saw 8 of its levels.

You collected 807 gold pieces.
You spent 359 gold pieces at shops.
You paid 19 gold pieces to Gozag.

Inventory:

Hand Weapons
 b - a +0 shortbow
 g - a +1 dagger of venom
 q - a +5 demon trident of electrocution (weapon)
 C - a +1 whip of flaming
 E - a +2 quarterstaff of chaos
 H - a +0 hunting sling
 J - a +0 rapier
Missiles
 d - 111 arrows
 i - 117 stones
 m - 24 poisoned darts
 w - 76 bolts
 x - a throwing net
Armour
 c - a +0 hat (worn)
 h - a +0 tower shield of poison resistance (worn)
 F - a +2 cloak (worn)
 L - a +2 robe of willpower (worn)
Magical Staves
 s - a staff of fire
Jewellery
 e - a ring of poison resistance (left claw)
Wands
 u - a wand of iceblast (4)
 K - a wand of polymorph (2)
 O - a wand of flame (18) (quivered)
Scrolls
 a - a scroll of summoning
 f - 2 scrolls of fear {unknown}
 j - a scroll of blinking
 k - 2 scrolls of brand weapon
 n - 3 scrolls of magic mapping {unknown}
 r - 2 scrolls of amnesia
 y - 2 scrolls of teleportation
 z - a scroll of immolation
Potions
 l - 4 potions of magic {unknown}
 o - a potion of flight
 p - a potion of heal wounds {unknown}
 t - 2 potions of haste
 v - a potion of might {unknown}
 A - a potion of cancellation {unknown}
 B - 2 potions of berserk rage {unknown}
 D - a potion of curing
 G - a potion of attraction
 I - a potion of brilliance
 M - a potion of mutation {unknown}
 N - a potion of ambrosia {unknown}


   Skills:
 * Level 5.3 Fighting
 - Level 0.3 Short Blades
 - Level 1.2 Maces & Flails
 + Level 5.4 Polearms
 * Level 1.0 Throwing
 + Level 5.9 Dodging
 - Level 1.1 Stealth
 + Level 5.3 Shields
 + Level 2.3 Spellcasting
 + Level 1.0 Conjurations
 + Level 0.6 Summonings
 + Level 0.6 Translocations
 + Level 0.1 Evocations


You had 11 spell levels left.
You knew the following spells:

 Your Spells              Type           Power      Damage    Failure   Level
a - Magic Dart            Conj           12%        1d3       83%         1

Your spell library contained the following spells:

 Spells                   Type           Power      Damage    Failure   Level
 Blink                    Tloc           N/A        N/A       95%         2
 Call Imp                 Summ           2%         N/A       95%         2
 Slow                     Hex            1%         N/A       98%         2
 Conjure Flame            Conj/Fire      2%         6-21      99%         3
 Mephitic Cloud           Conj/Pois/Air  1%         N/A       99%         3
 Portal Projectile        Hex/Tloc       2%         N/A       99%         3
 Ignite Poison            Fire/Tmut/Pois 1%         N/A       100%        3
 Sticky Flame             Conj/Fire      2%         2d3       100%        4
 Blade Hands              Tmut           0%         N/A       100%        5
 Excruciating Wounds      Necr           0%         N/A       100%        5


Dungeon Overview and Level Annotations

Branches:
Dungeon (8/15)             Temple (0/1) D:4
   Lair: D:8-11

Altars:
Gozag
Jiyva

Shops:
D:1 ?   D:3 (   D:7 [

Annotations:
D:8 2 transporters


Innate Abilities, Weirdness & Mutations

You are too large for most types of armour.
You have claws for hands.
Your natural rate of healing is unusually fast.
You are covered in fur. (AC +1)
You have tough skin. (AC +1)


Message History

The stone arrow hits you!!
The gargoyle hurls a stone arrow at you.
The stone arrow hits you!
The gargoyle hurls a stone arrow at you.
The stone arrow misses you.
You reach to attack!
You hit the gargoyle but do no damage.
The gargoyle is moderately damaged.
The gargoyle hurls a stone arrow at you.
You block the stone arrow.
You puncture the gargoyle!
The gargoyle is heavily damaged.
The gargoyle hurls a stone arrow at you.
You block the stone arrow.
You hit the gargoyle.
The gargoyle is severely damaged.
The gargoyle hits you but does no damage.
You hit the gargoyle but do no damage.
The gargoyle is severely damaged.
You block the gargoyle's attack.
The gargoyle hits you but does no damage.
You puncture the gargoyle!
The gargoyle is almost destroyed.
The gargoyle hurls a stone arrow at you.
You block the stone arrow.
You hit the gargoyle but do no damage.
The gargoyle is almost destroyed.
The gargoyle hurls a stone arrow at you.
The stone arrow hits you!
The gargoyle hurls a stone arrow at you.
The stone arrow hits you!
You are too injured to fight recklessly!
You are too injured to fight recklessly!
You are too injured to fight recklessly!
The gargoyle hurls a stone arrow at you.
The stone arrow hits you!!
* * * LOW HITPOINT WARNING * * *
The gargoyle hurls a stone arrow at you.
The stone arrow hits you!!
You die...
Your body crumbles into a pile of gold.

#....####
#.......+
#....#### #.#.##
##[### ##[))##
#.....# #+#
##...## #.# #
##@####### #.# #
#.#.....# ##.####
#.#.###.# ##...#..
#.#.# #.# #....9.#
#9#.# #.# ##...#.#
#.#.###.#####.##.#
#.................
###.###.########..
#.###.# ###


You could see a gargoyle.

Vanquished Creatures
  Pikel (D:7)
  A cyclops (D:6)
  Prince Ribbit (D:7)
  3 yaks
  A human (D:7)
  A hog (D:7)
  A water moccasin (D:7)
  Duvessa (D:7)
  An ice beast (D:2)
  An ogre (D:6)
  A phantom (D:6)
  A centaur (D:7)
  4 lemures (D:7)
  A bullfrog (D:7)
  A scorpion (D:4)
  A water moccasin zombie (D:5)
  A water moccasin skeleton (D:4)
  Dowan (D:7)
  2 howler monkeys (D:6)
  A bullfrog zombie (D:7)
  A centaur zombie (D:8)
  4 hounds
  An orc priest (D:8)
  A bullfrog skeleton (D:4)
  A jelly (D:7)
  A centaur skeleton (D:7)
  Crazy Yiuf (D:3)
  Natasha (thrice) (D:4)
  2 iguanas
  2 orc wizards
  Terence (D:3)
  A killer bee zombie (D:6)
  Robin (D:2)
  4 gnolls (D:4)
  A howler monkey skeleton (D:7)
  5 adders
  A shadow imp (D:5)
  A white imp (D:3)
  2 dart slugs
  6 orcs
  7 endoplasms
  5 giant cockroaches
  5 hobgoblins
  19 jackals
  8 kobolds
  4 quokkas
  6 ball pythons
  6 bats
  5 frilled lizards
  12 goblins
  9 rats
152 creatures vanquished.

Vanquished Creatures (others)
  18 demonic plants (D:2)
  20 fungi
  8 plants (D:2)
  7 withered plants (D:2)
53 creatures vanquished.

Grand Total: 205 creatures vanquished

Notes
Turn   | Place    | Note
-------+----------+-------------------------------------------
     0 | D:1      | unlimited1921 the Troll Hedge Wizard began the quest for
                  | the Orb.
     0 | D:1      | Reached XP level 1. HP: 16/16 MP: 2/2
   367 | D:1      | Reached XP level 2. HP: 24/24 MP: 2/4
   851 | D:1      | Reached XP level 3. HP: 32/32 MP: 1/5
  1014 | D:1      | Reached skill level 1 in Fighting
  1365 | D:1      | Found Lighih's Magic Scroll Shop.
  1598 | D:2      | Noticed Robin
  1624 | D:2      | Reached skill level 1 in Conjurations
  1660 | D:2      | Killed Robin
  1661 | D:2      | Reached XP level 4. HP: 18/41 MP: 6/6
  2103 | D:2      | Found a faded altar of an unknown god.
  2755 | D:3      | Noticed Terence
  2760 | D:3      | Killed Terence
  2761 | D:3      | Reached skill level 1 in Shields
  2766 | D:3      | Noticed an ice beast
  2773 | D:3      | HP: 1/41 [white imp/puff of frost (13)]
  2823 | D:3      | Reached XP level 5. HP: 44/48 MP: 7/7
  2966 | D:2      | Killed an ice beast
  3129 | D:3      | Found Vufocet's Antique Weapon Shop.
  3258 | D:3      | Found an opulent altar of Gozag.
  3266 | D:3      | Became a worshipper of Gozag Ym Sagoz the Greedy
  3328 | D:3      | Found a runed translucent door.
  3329 | D:3      | Noticed Crazy Yiuf
  3333 | D:3      | Killed Crazy Yiuf
  3334 | D:3      | Reached XP level 6. HP: 57/57 MP: 8/8
  3592 | D:4      | Found a staircase to the Ecumenical Temple.
  3602 | D:4      | Noticed Natasha
  3625 | D:4      | Killed Natasha
  3639 | D:4      | Noticed Natasha
  3651 | D:4      | Killed Natasha
  3652 | D:4      | Reached skill level 1 in Maces & Flails
  3933 | D:4      | Noticed Natasha
  3945 | D:4      | Killed Natasha
  4363 | D:4      | Reached XP level 7. HP: 61/66 MP: 9/9
  4872 | D:1      | Bought a scroll of teleportation for 42 gold pieces
  4873 | D:1      | Identified a scroll of acquirement
  4884 | D:1      | Acquired a +2 demon trident of electrocution
  4919 | D:1      | Bought a scroll of enchant weapon for 105 gold pieces
  4923 | D:1      | Bought a scroll of enchant weapon for 105 gold pieces
  5044 | D:5      | Entered Level 5 of the Dungeon
  5212 | D:5      | You fall into a shaft and drop 1 floor!
  5269 | D:6      | Reached skill level 1 in Polearms
  5461 | D:6      | Noticed a cyclops
  5465 | D:6      | Killed a cyclops
  5466 | D:6      | Reached XP level 8. HP: 63/75 MP: 10/10
  5510 | D:6      | You fall into a shaft and drop 1 floor!
  5534 | D:7      | Noticed Pikel
  5602 | D:7      | Noticed Prince Ribbit
  5617 | D:7      | Killed Pikel
  5618 | D:7      | Reached skill level 5 in Dodging
  5630 | D:7      | Killed Prince Ribbit
  5631 | D:7      | Reached XP level 9. HP: 48/84 MP: 11/11
  5911 | D:6      | Reached skill level 5 in Shields
  5983 | D:7      | Reached skill level 5 in Fighting
  5983 | D:7      | Reached skill level 5 in Polearms
  6279 | D:7      | Noticed Dowan
  6279 | D:7      | Noticed Duvessa
  6302 | D:7      | Killed Dowan
  6329 | D:7      | Killed Duvessa
  6361 | D:7      | Found Gastrayb's Antique Armour Shoppe.
  6369 | D:7      | Bought an embroidered robe for 107 gold pieces
  7116 | D:8      | Reached skill level 1 in Throwing
  7183 | D:8      | Found a transporter.
  7185 | D:8      | Found a transporter.
  7188 | D:8      | Found a viscous altar of Jiyva.
  7257 | D:8      | Noticed a gargoyle
  7555 | D:8      | Killed from afar by a gargoyle

Illustrated notes

Levels and vault maps discovered:
D:1:      dpeg_arrival_prison, layout_rooms, serial_shops, shop
D:2:      layout_basic, shapermc_ecumenical_altar_gd, kennysheep_generic_room_2,
          uniq_robin
D:3:      layout_rooms, grunt_gozag_statues, serial_shops, shop,
          uniq_crazy_yiuf_cottage, uniq_terence
D:4:      layout_loops_ring, minmay_temple_entry_arrows, gup_sewer_entry_bowl,
          uniq_natasha
D:5:      layout_rooms
D:6:      cheibrodos_barr_body, layout_rooms, zin_angel,
          grunt_temple_overflow_open, chequers_serial_rivers_small_3,
          wad_rectangle_vault
D:7:      layout_gridville, serial_shops, nicolae_stop_n_shop_1,
          grunt_livestock, uniq_duvessa, uniq_prince_ribbit1, uniq_pikel
D:8:      gammafunk_jiyva_shrine, layout_loops_corners

Skill      XL: |  1  2  3  4  5  6  7  8  9 |
---------------+----------------------------+-----
Dodging        | 2 3 4 5 |  5.9
Fighting       | 1 2 3 4 5 |  5.3
Conjurations   | 1 |  1.0
Shields        | 1 2 3 4 5 |  5.3
Maces & Flails | 1 |  1.2
Polearms       | 2 4 5 |  5.4
Throwing       | 1 |  1.0
Short Blades   | |  0.3
Stealth        | |  1.1
Spellcasting   | |  2.3
Summonings     | |  0.6
Translocations | |  0.6
Evocations     | |  0.1

Action                   |  1- 3 |  4- 6 |  7- 9 || total
-------------------------+-------+-------+-------++-------
Melee: Dagger            |   291 |   179 |       ||   470
       Mace              |       |   141 |    38 ||   179
       Demon trident     |       |       |   193 ||   193
 Cast: Magic Dart        |    21 |       |       ||    21
Evoke: Wand              |       |     5 |     4 ||     9
  Use: Scroll            |       |     2 |    12 ||    14
 Stab: Sleeping          |     4 |     1 |       ||     5
Armor: Robe              |   151 |    97 |    83 ||   331
       Skin              |       |     8 |       ||     8
Dodge: Dodged            |   167 |    43 |    55 ||   265
Block: Tower shield      |    60 |   202 |   217 ||   479
